 Dungeon Crawl Stone Soup version 0.31-a0-219-g8d62b2e7bb (webtiles) character file.

Game seed: 10813230836297878860

30 qw the Shield-Bearer (level 3, -5/23 HPs)
             Began as a Gargoyle Fighter on July 3, 2023.
             Slain by a gnoll
             ... wielding a +0 spear
              (8 damage)
             ... on level 2 of the Dungeon.
             The game lasted 00:00:25 (1172 turns).

qw the Shield-Bearer (Gargoyle Fighter)             Turns: 1172, Time: 00:00:26

Health: -5/23      AC: 10    Str: 21    XL:     3   Next: 20%
Magic:  3/3        EV:  9    Int:  8    God:
Gold:   101        SH:  4    Dex:  9    Spells: 2/2 levels left

rFire   . . .        Y - +2 war axe
rCold   . . .        c - +0 buckler
rNeg    + . .        b - +0 scale mail
rPois   inf          (no helmet)
rElec   +            (no cloak)
rCorr   .            (no gloves)
SInv    +            (no boots)
Will    .....        (no amulet) Stlth
                     f - ring of see invisible
HPRegen 0.23/turn    (no ring)
MPRegen 0.08/turn

%: no passive effects
@: no status effects
A: sickness immunity, AC +3, negative energy resistance 1, electricity
resistance, torment resistance 1, petrification resistance
a: no special abilities


You were on level 2 of the Dungeon.
You visited 1 branch of the dungeon, and saw 2 of its levels.

You collected 101 gold pieces.


Innate Abilities, Weirdness & Mutations

You are immune to sickness and miasma.
Your stone body is resilient. (AC +3)
You are immune to poison.
You resist negative energy. (rN+)
You are resistant to electric shocks. (rElec)
You are resistant to unholy torment.
You are immune to petrification.


   Skills:
 - Level 3.2 Fighting
 - Level 3.1 Axes
 + Level 0.2 Throwing
 - Level 3.2 Armour
 - Level 3.2 Shields


You had 2 spell levels left.
You didn't know any spells.
Your spell library was empty.

Inventory:

Hand Weapons
 i - a +0 whip
 Y - a +2 war axe (weapon)
Missiles
 l - 2 javelins
Armour
 b - a +0 scale mail (worn)
 c - a +0 buckler (worn)
 e - a +0 cloak
Jewellery
 f - a ring of see invisible (left hand)
Scrolls
 a - a scroll of teleportation {unknown}
Potions
 d - 2 potions of might
 g - a potion of heal wounds {unknown}
 h - a potion of ambrosia {unknown}
 j - 2 potions of haste {unknown}
 k - a potion of enlightenment {unknown}

Dungeon Overview and Level Annotations

Branches:
Dungeon (2/15)

Altars:


Message History

A worm and a gnoll come into view.
Found an escape hatch in the floor.
The gnoll shouts! x2
The bat hits you but does no damage.
A gnoll comes into view. It is wielding a +2 flail of draining.
Enter note:
Enter note:
Enter note: The gnoll shouts!
The bat hits you but does no damage. The worm closely misses you.
Enter note:
Enter note:
Enter note: You hit the worm.
The worm is moderately wounded.
You closely miss the bat. The bat hits you but does no damage. x2
The gnoll hits you from afar with a +0 spear!
The quokka barely misses you. The worm bites you but does no damage.
You slash the worm!
You kill the worm!
You completely miss the bat. You closely miss the quokka.
You block the bat's attack. The gnoll closely misses you.
The bat hits you but does no damage. The quokka closely misses you.
The gnoll hits you from afar with a +0 spear!
You block the gnoll's attack. The gnoll hits you with a +0 club.
You hit the gnoll.
The gnoll is heavily wounded.
You hit the quokka. The bat hits you but does no damage. The quokka bites you.
The bat closely misses you. You block the quokka's attack.
The gnoll barely misses you.
The gnoll hits you from afar with a +0 spear.
You hit the quokka.
You kill the quokka!
You barely miss the gnoll. You miss the bat. The bat closely misses you.
You block the bat's attack. The bat barely misses you.
The gnoll hits you from afar with a +0 spear!
You die...

#.# #.# #.# #.#
#.# ##########
..# ........#
###
##.###.#.##.#
.........##.#
#..@b.#.#
#gg#..#.####
...gg#.......#
#.......#..##.#
##.###.###..#.#
... ....#.#.#.#
#######..#
#####......#
###.......#.#
####.###
#.....###..#
##.####


You could see 4 gnolls and a bat.

Vanquished Creatures
  A worm (D:2)
  An endoplasm (D:1)
  2 giant cockroaches (D:2)
  5 goblins
  4 hobgoblins
  2 kobolds (D:1)
  4 quokkas
  2 ball pythons
  3 bats
24 creatures vanquished.

Notes
Turn   | Place    | Note
-------+----------+-------------------------------------------
     0 | D:1      | qw the Gargoyle Fighter began the quest for the Orb.
     0 | D:1      | Reached XP level 1. HP: 14/14 MP: 1/1
     0 | D:1      | 0 ||| qw: Version: 0.3-a-40-ge99b1a8
     0 | D:1      | 0 ||| qw: Game counter: 367
     0 | D:1      | 0 ||| qw: Melee chars always use a shield: true
     0 | D:1      | 0 ||| qw: God list: Okawaru
     0 | D:1      | 0 ||| qw: Allow faded altars: false
     0 | D:1      | 0 ||| qw: Do Orc after clearing Dungeon:15 true
     0 | D:1      | 0 ||| qw: Do second Lair branch before Depths: true
     0 | D:1      | 0 ||| qw: Lair rune preference: random
     0 | D:1      | 0 ||| qw: Goals: Normal, Zot:1-4, Slime:5, God:TSO, Crypt,
                  | Tomb, Abyss, Pan, Hells, Win
     0 | D:1      | 0 ||| PLANNING D:1-11
   178 | D:1      | 178 ||| DROPPING +0 club.
   217 | D:1      | Reached XP level 2. HP: 16/19 MP: 2/2
   843 | D:1      | 843 ||| UPGRADING to ring of see invisible.
   844 | D:1      | 844 ||| READING scroll labelled UCEFFE DAWERO.
   845 | D:1      | 845 ||| READING scroll labelled PITZAUK CAPT.
   907 | D:2      | Reached skill level 3 in Axes
   987 | D:2      | Reached XP level 3. HP: 22/23 MP: 3/3
  1082 | D:2      | 1082 ||| READING scroll of enchant weapon.
  1082 | D:2      | 1082 ||| ENCHANTING +1 war axe.
  1164 | D:2      | 1164 ||| Stepping ~*~*~tactically~*~*~ (stealth).
  1165 | D:2      | 1165 ||| Stepping ~*~*~tactically~*~*~ (stealth).
  1166 | D:2      | 1166 ||| Stepping ~*~*~tactically~*~*~ (stealth).
  1171 | D:2      | HP: 5/23 [quokka (2)]
  1171 | D:2      | HP: 2/23 [gnoll/+0 spear (3)]
  1172 | D:2      | Slain by a gnoll

Levels and vault maps discovered:
D:1:      lemuel_arrival_muddy, layout_loops_ring,
          chequers_serial_rivers_small_3, chequers_mini_garden,
          chequers_serial_rivers_micro_a, minmay_misc_feat_columns
D:2:      layout_loops_cross, basic_altar

Skill      XL: |  1  2 |
---------------+-------+-----
Axes           | 2 3 |  3.1
Fighting       | |  3.2
Throwing       | |  0.2
Armour         | |  3.2
Shields        | |  3.2

Action                     || total
---------------------------++-------
  Melee: War axe           ||    62
    Use: Scroll            ||     3
 Armour: Scale mail        ||    30
  Dodge: Dodged            ||    38
  Block: Buckler           ||    12

Table legend:
 A = Non-vault XP
 B = Vault XP
 C = Vault XP percentage of total XP
 D = Non-vault monster count
 E = Vault monster count
 F = Vault count percentage of total count
                 A         B        C        D         E       F
            +---------+---------+-------+---------+---------+-------
      Total |      46 |       0 |   0.0 |      24 |       0 |   0.0
            +---------+---------+-------+---------+---------+-------
        D:1 |      21 |       0 |   0.0 |      12 |       0 |   0.0
        D:2 |      25 |       0 |   0.0 |      12 |       0 |   0.0
            +---------+---------+-------+---------+---------+-------
